 Dungeon Crawl Stone Soup version 0.18.1-48-g4cf74bf (webtiles) character file.

464 atgrul the Firebug (level 7, -11/46 HPs)
             Began as an Octopode Fire Elementalist on July 22, 2016.
             Shot with an arrow by a centaur (15 damage)
             ... on level 5 of the Dungeon.
             The game lasted 00:18:01 (6549 turns).

atgrul the Firebug (Octopode Fire Elementalist)     Turns: 6549, Time: 00:18:02

Health: -11/46     AC:  1    Str:  9    XL:     7   Next: 7%
Magic:  3/10       EV: 12    Int: 18    God:
Gold:   212        SH:  0    Dex: 12    Spells: 2 memorised, 6 levels left

rFire  . . .     SeeInvis .     e - +0 hand axe
rCold  . . .     Gourm    .     (no shield)
rNeg   . . .     Faith    .     (helmet restricted)
rPois  .         Spirit   .     (no amulet)
rElec  .         Dismiss  .     (no ring)
rCorr  .         Reflect  .     (no ring)
SustAt .         Harm     .     (no ring)
MR     .....                    (no ring)
Stlth  +++.......               (no ring)
                                (no ring)
                                (no ring)
                                (no ring)

@: very slightly contaminated, not resistant to hostile enchantments, fairly
stealthy
A: almost no armour, amphibious, 8 rings, constrict 8, camouflage 1, gelatinous
body 1
a: no special abilities


You were on level 5 of the Dungeon.
You were not hungry.

You visited 1 branch of the dungeon, and saw 5 of its levels.

You collected 212 gold pieces.

Inventory:

Hand Weapons
 e - a +0 hand axe (weapon)
Wands
 q - a wand of acid (7/15)
 w - a wand of flame (24/48)
 x - a wand of iceblast (10/15)
Scrolls
 b - a scroll of amnesia {unknown}
 c - a scroll of blinking
 d - a scroll of teleportation
 f - 3 scrolls of remove curse
 h - a scroll of noise {unknown}
 k - 3 scrolls of fog
 o - 2 scrolls of recharging
 r - a scroll of random uselessness {unknown}
 y - a scroll of enchant weapon {unknown}
Potions
 g - a potion of haste {unknown}
 j - a potion of magic {unknown}
 l - a potion of cure mutation {unknown}
 s - 2 potions of cancellation
 t - a potion of beneficial mutation {unknown}
 z - a potion of flight {unknown}
 A - a potion of agility {unknown}
 B - 2 potions of curing
 C - 2 potions of ambrosia
 D - a potion of heal wounds {unknown}
Books
 a - a book of Flames

   Spells                             Type                      Level
   a - Flame Tongue                   Conjuration/Fire             1
   b - Throw Flame                    Conjuration/Fire             2
   c - Conjure Flame                  Conjuration/Fire             3
   d - Inner Flame                    Hexes/Fire                   3
   e - Sticky Flame                   Conjuration/Fire             4
   f - Fireball                       Conjuration/Fire             5
Comestibles
 m - a slice of pizza
 p - 4 fruits
 v - 2 bread rations


   Skills:
 * Level 3.4 Fighting
 - Level 0.4 Axes
 - Level 2.0 Dodging
 - Level 2.6 Stealth
 - Level 2.0 Spellcasting
 + Level 2.0 Conjurations
 + Level 6.4 Fire Magic


You had 6 spell levels left.
You knew the following spells:

 Your Spells              Type           Power        Failure   Level  Hunger
a - Flame Tongue          Conj/Fire      ###..        3%          1    #......
b - Conjure Flame         Conj/Fire      ###.....     12%         3    ###....


Dungeon Overview and Level Annotations

Branches:
Dungeon (5/15)
 Temple: D:4-7

Altars:
Elyvilon
Xom

Annotations:
D:2 Crazy Yiuf


Innate Abilities, Weirdness & Mutations

You cannot wear most types of armour.
You are amphibious.
You can wear up to eight rings at the same time.
You can use your tentacles to constrict eight enemies at once.
Your skin changes colour to match your surroundings (Stealth).
Your rubbery body absorbs attacks (AC +1).


Message History

Casting: Conjure Flame
Confirm with . or Enter, or press ? or * to list all spells.
Aiming: Flame Tongue
Press: ? - help, Shift-Dir - straight line, f - centaur
Aim: a centaur, wielding a shortbow The flame tongue hits the centaur.
The centaur is heavily wounded.
The centaur shoots an arrow.
The arrow hits you!
* * * LOW HITPOINT WARNING * * *
You hear a shout! x2
Casting: Flame Tongue
Confirm with . or Enter, or press ? or * to list all spells.
Aiming: Flame Tongue
Press: ? - help, Shift-Dir - straight line, f/p - centaur
Aim: a centaur, wielding a shortbow (heavily wounded)
The flame tongue hits the centaur.
The centaur is almost dead.
The centaur shoots an arrow.
The arrow misses you.
The centaur shoots an arrow.
The arrow hits you!
You die...

.. ...........#.
#..............
#..........#...
##............#..
................#
####%?.........#.#
....^............
#...........# ## #
#@.........##... ...
#...............
.....###c.....(..####
...c...ยง.........#
...s..######.#...#
..... #.#.#..# ....
#.#.#..# ...
#.#.#.... ..
#<..#..#.#


You could see a centaur.

Vanquished Creatures
  Blork the orc (D:4)
  2 crimson imps (D:5)
  A hound (D:4)
  2 orc wizards (D:4)
  An iguana (D:4)
  A worker ant (D:4)
  9 adders
  2 giant geckos
  24 orcs
  A ball python (D:3)
  13 bats
  2 giant cockroaches
  12 goblins
  6 hobgoblins
  A jackal (D:5)
  2 quokkas
  5 giant newts
  7 kobolds
  19 rats
111 creatures vanquished.

Notes
Turn   | Place    | Note
--------------------------------------------------------------
     0 | D:1      | atgrul the Octopode Fire Elementalist began the quest for the Orb.
     0 | D:1      | Reached XP level 1. HP: 11/11 MP: 3/3
   474 | D:1      | Reached XP level 2. HP: 18/18 MP: 1/5
   861 | D:1      | Reached skill level 1 in Fighting
   910 | D:1      | Reached XP level 3. HP: 2/23 MP: 1/6
  1209 | D:1      | Reached skill level 4 in Fire Magic
  1895 | D:2      | Found a faded altar to an unknown god.
  1943 | D:2      | Reached XP level 4. HP: 22/28 MP: 3/7
  2459 | D:2      | Noticed Crazy Yiuf
  2533 | D:2      | Found a shimmering altar of Xom.
  2533 | D:2      | Found a white marble altar of Elyvilon.
  3524 | D:3      | Reached XP level 5. HP: 32/34 MP: 6/8
  3549 | D:3      | Reached skill level 5 in Fire Magic
  3891 | D:3      | Learned a level 3 spell: Conjure Flame
  4056 | D:4      | Noticed Blork the orc
  4075 | D:4      | Killed Blork the orc
  4075 | D:4      | Reached XP level 6. HP: 20/41 MP: 0/9
  4717 | D:4      | Reached skill level 6 in Fire Magic
  5269 | D:5      | Entered Level 5 of the Dungeon
  5902 | D:4      | Reached XP level 7. HP: 16/46 MP: 7/10
  6549 | D:5      | Shot with an arrow by a centaur

Skill      XL: |  1  2  3  4  5  6  7 |
---------------+----------------------+-----
Fighting       | 1 2 3 |  3.4
Fire Magic     | 4 5 6 |  6.4
Conjurations   | 2 |  2.0
Axes           | |  0.4
Dodging        | |  2.0
Stealth        | |  2.6
Spellcasting   | |  2.0

Action                   |  1- 3 |  4- 6 |  7- 9 || total
-------------------------+-------+-------+-------++-------
Melee: Unarmed           |     4 |       |       ||     4
       Constrict         |     7 |    16 |     2 ||    25
       Tentacles         |     3 |    10 |       ||    13
       Hand axe          |    21 |    68 |     6 ||    95
 Cast: Flame Tongue      |    48 |   104 |    13 ||   165
       Conjure Flame     |       |     1 |     1 ||     2
  Use: Scroll            |       |     8 |       ||     8
 Stab: Sleeping          |     1 |     2 |       ||     3
  Eat: Chunk             |     4 |     3 |       ||     7
       Bread ration      |       |     2 |       ||     2
       Meat ration       |       |     1 |       ||     1
       Royal jelly       |       |     1 |       ||     1
Armor: Skin              |     2 |     3 |     2 ||     7
Dodge: Dodged            |    25 |    78 |     8 ||   111
